[ AOE2 MATCH · #489076256 ]
UnrankedKhmer vs Jurchens
Player's team · WIN
Rival team · LOSS
[ REPLAY ANALYSIS · EXTRACTED FROM THE RECORDED GAME ]
Feudal
8:05
Castle
—
Imperial
—
| APM avg | 36.9 |
| APM peak | 86 |
| eAPM avg | 11.1 |
| Villagers / military | 24 / 20 |
Focus
⚔️ 41.1% · 🌾 58.9%
Archer ×20
Feudal
10:31
Castle
14:21
Imperial
—
| APM avg | 30.5 |
| APM peak | 42 |
| eAPM avg | 14.7 |
| Villagers / military | 29 / 0 |
Focus
⚔️ 16.4% · 🌾 83.6%
Match map
Initial resources + every placement click. Lines = walls · curves = elevation contours. ◆ gold · ⬟ stone · ● berries · ✦ relic · ◌ wall gap
Your base· Open — unwalled flank
Tapir7764's base· Open — unwalled flank
Smoothed initial terrain · ◌ = detected wall gap · hover for details
Inputs per minute
— DS_Gitano Urbano - - Tapir7764
Build order — DS_Gitano Urbano
68 actions detected in the replay
| 0:00 | Create | Villager (Male) ×4 |
| 0:02 | Build | House |
| 0:04 | Build | House |
| 1:30 | Build | House |
| 1:37 | Create | Villager (Male) |
| 1:55 | Create | Villager (Male) |
| 2:23 | Create | Villager (Male) |
| 2:27 | Build | House |
| 2:49 | Create | Villager (Male) |
| 2:49 | Create | Villager (Male) |
| 3:34 | Create | Villager (Male) |
| 3:53 | Create | Villager (Male) |
| 4:10 | Create | Villager (Male) |
| 4:55 | Create | Villager (Male) |
| 5:21 | Create | Villager (Male) |
| 5:33 | Build | Lumber Camp |
| 5:55 | Research | Feudal Age |
| 6:26 | Build | House |
| 6:47 | Build | Palisade Wall |
| 7:34 | Build | Mining Camp |
| 7:46 | Research | Loom |
| 7:47 | Create | Villager (Male) |
| 7:47 | Create | Villager (Male) |
| 8:05 | Age | Feudal Age |
| 8:06 | Research | Double-Bit Axe |
| 8:21 | Build | Mining Camp |
| 8:42 | Build | Archery Range |
| 9:04 | Create | Villager (Male) |
| 9:14 | Build | Archery Range |
| 9:31 | Build | Mill |
| 9:51 | Create | Archer |
| 10:15 | Build | House |
| 10:16 | Create | Archer |
| 10:16 | Create | Archer |
| 10:17 | Create | Archer |
| 10:33 | Create | Archer |
| 10:42 | Build | House |
| 10:52 | Create | Villager (Male) |
| 10:55 | Create | Archer |
| 10:59 | Build | House |
| 11:02 | Build | Palisade Wall |
| 11:06 | Create | Archer |
| 11:45 | Create | Villager (Male) |
| 11:57 | Create | Archer |
| 11:57 | Create | Archer |
| 12:09 | Build | Blacksmith |
| 12:14 | Create | Villager (Male) |
| 12:18 | Create | Archer |
| 12:24 | Create | Archer |
| 12:24 | Create | Archer |
| 12:33 | Create | Archer |
| 13:14 | Create | Archer |
| 13:15 | Create | Archer |
| 13:16 | Create | Villager (Male) |
| 13:25 | Create | Archer |
| 13:36 | Research | Fletching |
| 13:47 | Build | Watch Tower |
| 14:04 | Research | Town Watch |
| 14:07 | Create | Archer |
| 14:07 | Create | Archer |
| 14:33 | Create | Villager (Male) |
| 15:00 | Create | Archer |
| 15:00 | Create | Archer |
| 15:01 | Create | Villager (Male) |
| 15:05 | Build | Farm |
| 15:33 | Create | Villager (Male) |
| 15:37 | Build | House |
| 15:43 | Build | Watch Tower |
Build order — Tapir7764
53 actions detected in the replay
| 0:01 | Create | Villager (Male) |
| 0:02 | Create | Villager (Male) |
| 0:02 | Create | Villager (Male) |
| 0:02 | Create | Villager (Male) |
| 0:03 | Build | House |
| 0:04 | Build | House |
| 1:24 | Create | Villager (Male) |
| 1:24 | Create | Villager (Male) |
| 1:56 | Create | Villager (Male) |
| 1:56 | Create | Villager (Male) |
| 2:01 | Build | Lumber Camp |
| 2:31 | Create | Villager (Male) |
| 2:31 | Create | Villager (Male) |
| 2:45 | Build | House |
| 2:48 | Build | House |
| 2:51 | Create | Villager (Male) |
| 2:51 | Create | Villager (Male) |
| 3:15 | Create | Villager (Male) |
| 3:15 | Create | Villager (Male) |
| 3:44 | Create | Villager (Male) |
| 3:44 | Create | Villager (Male) |
| 3:45 | Create | Villager (Male) |
| 4:09 | Create | Villager (Male) |
| 4:09 | Create | Villager (Male) |
| 4:09 | Create | Villager (Male) |
| 4:34 | Build | Mill |
| 4:58 | Create | Villager (Male) |
| 4:58 | Create | Villager (Male) |
| 4:58 | Create | Villager (Male) |
| 4:59 | Create | Villager (Male) |
| 5:33 | Build | Palisade Wall |
| 6:04 | Build | Palisade Wall |
| 6:13 | Create | Villager (Male) |
| 6:13 | Create | Villager (Male) |
| 6:13 | Create | Villager (Male) |
| 6:32 | Create | Villager (Male) |
| 6:35 | Research | Loom |
| 8:04 | Research | Feudal Age |
| 10:31 | Age | Feudal Age |
| 10:34 | Build | Market |
| 10:36 | Build | Blacksmith |
| 11:41 | Research | Castle Age |
| 11:58 | Build | Watch Tower |
| 12:30 | Build | House |
| 12:35 | Build | House |
| 12:42 | Build | Stone Wall |
| 12:44 | Build | Stone Wall |
| 12:56 | Build | Mining Camp |
| 13:24 | Build | House |
| 13:32 | Build | Lumber Camp |
| 13:49 | Create | Villager (Male) |
| 14:21 | Age | Castle Age |
| 14:54 | Build | Barracks |
Match timeline
| 5:33 | Tapir7764 · wall_segment Palisade Wall x7 |
| 6:04 | Tapir7764 · wall_segment Palisade Wall x7 |
| 6:47 | DS_Gitano Urbano · wall_segment Palisade Wall x1 |
| 8:05 | DS_Gitano Urbano · age_up feudal |
| 8:42 | DS_Gitano Urbano · first_building Archery Range |
| 10:31 | Tapir7764 · age_up feudal |
| 11:02 | DS_Gitano Urbano · wall_segment Palisade Wall x5 |
| 11:39 | Tapir7764 · first_market_sell 100 food |
| 12:42 | Tapir7764 · wall_segment Stone Wall x1 |
| 12:44 | Tapir7764 · wall_segment Stone Wall x1 |
| 14:21 | Tapir7764 · age_up castle |
| 14:54 | Tapir7764 · first_building Barracks |
| 15:53 | Tapir7764 · resign |
[ AI ANALYSIS · 1 CREDIT ]
What really happened in this match?
Wolo.gg analyzes every decision: build order, eco, micro, common mistakes by bracket. Personalized analysis on WhatsApp or Discord in 30 seconds.
Civ guide
Khmer
Perfil
Jugador #352739